 Dungeon Crawl Stone Soup version 0.20.1-1-g8b1a95d (console) character file.

11809 hilaritas the Blocker (level 11, -2/99 HPs)
             Began as a Hill Orc Fighter on Aug 6, 2017.
             Was a High Priest of Makhleb.
             Slain by Sonja
             ... wielding a +2 short sword of distortion
              (14 damage)
             ... on level 10 of the Dungeon.
             The game lasted 00:30:01 (12697 turns).

hilaritas the Blocker (Hill Orc Fighter)           Turns: 12697, Time: 00:30:02

Health: -2/99      AC: 17    Str: 23    XL:     11   Next: 83%
Magic:  18/18      EV:  7    Int:  8    God:    Makhleb [*****.]
Gold:   1729       SH: 13    Dex: 10    Spells: 10/10 levels left

rFire    . . .     SeeInvis .   a - +1 war axe (venom)
rCold    . . .     Gourm    .   c - +1 shield
rNeg     . . .     Faith    .   y - +0 plate armour
rPois    .         Spirit   .   (no helmet)
rElec    .         Reflect  .   (no cloak)
rCorr    .         Harm     .   l - +0 pair of gloves
MR       .....                  L - +0 pair of boots
Stlth    ..........             (no amulet)
Regen    0.3/turn               (no ring)
MPRegen  0.2/turn               (no ring)

@: no status effects
A: no striking features
a: Minor Destruction, Lesser Servant of Makhleb, Major Destruction, Greater
Servant of Makhleb, Renounce Religion


You were on level 10 of the Dungeon.
You worshipped Makhleb.
Makhleb was extremely pleased with you.
You were hungry.

You visited 1 branch of the dungeon, and saw 13 of its levels.
You also visited: Sewer and Bailey.

You collected 1729 gold pieces.

Inventory:

Hand Weapons
 a - a +1 war axe of venom (weapon)
 o - a +1 mace of crushing
 A - a +0 hand axe
Missiles
 i - 8 throwing nets
 F - 15 tomahawks (quivered)
Armour
 c - a +1 shield (worn)
 l - a +0 pair of gloves (worn)
 y - a +0 plate armour (worn)
 L - a +0 pair of boots (worn)
Jewellery
 b - an uncursed ring of wizardry
 x - an uncursed ring of flight
 M - an uncursed ring of ice
Wands
 u - a wand of polymorph (14/24)
 v - a wand of iceblast (15/15)
 D - a wand of digging (18/24)
 I - a wand of polymorph (10/24)
 K - a wand of acid (7/15)
 Q - a wand of digging (11/24)
Scrolls
 d - 2 scrolls of remove curse
 e - 5 scrolls of identify
 h - 11 scrolls of teleportation
 k - 2 scrolls of enchant weapon
 p - 2 scrolls of fog
 w - 3 scrolls of fear
 E - 2 scrolls of recharging
 G - 2 scrolls of summoning
 H - a scroll of magic mapping
 O - 2 scrolls of amnesia
 R - a scroll of enchant armour
Potions
 g - a potion of brilliance
 j - a potion of magic
 n - a potion of invisibility
 q - 2 potions of curing
 r - a potion of berserk rage
 s - 2 potions of lignification
 t - 3 potions of ambrosia
 z - 3 potions of haste
 B - 4 potions of flight
 J - a potion of agility
Comestibles
 f - 11 bread rations
 C - 5 meat rations
 P - 2 royal jellies


   Skills:
 - Level 10.0 Fighting
 - Level 10.0 Axes
 - Level 10.0 Armour
 * Level 2.4 Dodging
 + Level 10.6 Shields
 * Level 10.0 Invocations


You had 10 spell levels left.
You didn't know any spells.

Dungeon Overview and Level Annotations

Branches:
Dungeon (13/15)            Temple (0/1) D:4            Lair (0/6) D:8
    Orc (0/2) D:10
 Vaults: D:13-14

Altars:
Ashenzari
Cheibriados
Dithmenos
Elyvilon
Gozag
Hepliaklqana
Kikubaaqudgha
Makhleb
Nemelex Xobeh
Okawaru
Sif Muna
Vehumet
Xom

Shops:
D:9 }

Annotations:
D:10 Sonja


Message History

Sonja hits you but does no damage. Space bends around you.
* * * LOW HITPOINT WARNING * * *
You completely miss Sonja.
Sonja hits you with an uncursed short sword of distortion.
* * * LOW HITPOINT WARNING * * *
You blink.
You feel much better.
Sonja gestures wildly while chanting.
Sonja blinks!
You closely miss Sonja. Sonja hits you but does no damage.
Space bends around you.
* * * LOW HITPOINT WARNING * * *
Sonja barely misses you. x2
You closely miss Sonja.
Sonja hits you with an uncursed short sword of distortion!
* * * LOW HITPOINT WARNING * * *
Space bends around you.
* * * LOW HITPOINT WARNING * * *
Sonja hits you but does no damage. Space warps horribly around you!
You die...

#....# #.# ####.# #####.###### ###
########.#####..........#
..####...........##..........#
..##.............##..........#
..##.#...........##..........#......9...#
..#..#...............[.......#
..#.##.........K@##..........#
.<..######.########..........# ..### #>#
#####.###### ### #.# #.# ### #.## #)##
..# #..# #..# #.### ####.### ##.# ..'.#
#......### ######.###### ###.##
#........# #...........#


You could see Sonja.

Vanquished Creatures
  Pikel (D:7)
  A deep elf mage (D:12)
  A cyclops (D:12)
  A manticore (D:12)
  Joseph (D:7)
  A gargoyle (D:11)
  3 trolls
  A meliai zombie (D:12)
  A hippogriff (D:9)
  A spriggan (D:10)
  A wyvern (D:10)
  The ghost of Qron the Skirmisher, an amateur DrBe of Trog (D:3)
  5 yaks
  4 hungry ghosts
  A steam dragon (D:12)
  Duvessa (D:5)
  2 water moccasins
  A slave (D:7)
  4 ice beasts
  4 orc warriors
  5 sky beasts
  A phantom (D:8)
  7 ogres
  9 centaurs
  A big kobold (D:10)
  Blork the orc (D:5)
  A water moccasin zombie (D:6)
  5 gnoll sergeants (Bailey)
  7 bullfrogs
  A wyvern zombie (D:12)
  3 scorpions
  Dowan (D:5)
  4 killer bees (D:11)
  2 jellies
  4 crimson imps
  A bullfrog zombie (D:9)
  2 quasits (D:7)
  5 hounds
  3 orc priests
  4 iguanas
  5 orc wizards
  4 bullfrog skeletons
  3 gnoll shamans (Bailey)
  3 centaur skeletons
  Ijyb (D:5)
  A merfolk siren (Sewer)
  6 worker ants
  A merfolk avatar (Sewer)
  A killer bee zombie (D:9)
  A howler monkey zombie (D:8)
  A worker ant zombie (D:8)
  20 gnolls
  19 adders
  2 river rats (Sewer)
  4 shadow imps
  2 oozes
  An adder skeleton (D:7)
  4 worms
  A dart slug (D:1)
  10 leopard geckos
  23 orcs
  A bat zombie (D:7)
  6 giant cockroaches
  4 goblins
  6 hobgoblins
  12 jackals
  7 kobolds
  3 quokkas
  3 ball pythons
  8 bats
  12 frilled lizards
  A quokka skeleton (D:4)
  29 rats
  A rat zombie (D:7)
309 creatures vanquished.

Vanquished Creatures (collateral kills)
  A black bear (D:10)
  3 gnoll sergeants (Bailey)
  3 gnoll shamans (Bailey)
  A gnoll (Bailey)
8 creatures vanquished.

Vanquished Creatures (others)
  2 slaves (D:7)
  A scorpion (D:7)
  2 orcs (D:7)
5 creatures vanquished.

Grand Total: 322 creatures vanquished

Notes
Turn   | Place    | Note
-------+----------+-------------------------------------------
     0 | D:1      | hilaritas the Hill Orc Fighter began the quest for the Orb.
     0 | D:1      | Reached XP level 1. HP: 19/19 MP: 1/1
   342 | D:1      | Reached XP level 2. HP: 24/26 MP: 2/2
   766 | D:1      | Reached XP level 3. HP: 31/31 MP: 3/3
   950 | D:2      | Reached skill level 5 in Axes
  1051 | D:2      | Found a burning altar of Makhleb.
  1068 | D:2      | Became a worshipper of Makhleb the Destroyer
  1266 | D:2      | Reached XP level 4. HP: 33/39 MP: 4/4
  1276 | D:2      | Found a faded altar of an unknown god.
  1645 | D:3      | Found an opulent altar of Gozag.
  1681 | D:3      | Found a radiant altar of Vehumet.
  1759 | D:3      | Noticed Qron's ghost (amateur DrBe)
  1775 | D:3      | Killed Qron's ghost
  1775 | D:3      | Reached XP level 5. HP: 12/45 MP: 5/5
  1775 | D:3      | Reached XP level 6. HP: 13/51 MP: 6/6
  1898 | D:3      | Found a glowing drain.
  1910 | Sewer    | Entered a sewer
  2100 | Sewer    | Reached * piety under Makhleb
  2301 | Sewer    | Reached ** piety under Makhleb
  2327 | Sewer    | Reached skill level 1 in Invocations
  2596 | Sewer    | Reached XP level 7. HP: 56/57 MP: 8/8
  2893 | D:3      | Found a hazy altar of Hepliaklqana.
  2893 | D:3      | Found a sparkling altar of Nemelex Xobeh.
  2898 | D:3      | Found a faded altar of an unknown god.
  2907 | D:3      | Found a deep blue altar of Sif Muna.
  2910 | D:3      | Found a faded altar of an unknown god.
  3028 | D:4      | Found a white marble altar of Elyvilon.
  3132 | D:4      | Found an iron altar of Okawaru.
  3144 | D:4      | Found a snail-covered altar of Cheibriados.
  3262 | D:4      | Found a shattered altar of Ashenzari.
  3452 | D:4      | Reached skill level 10 in Axes
  3470 | D:4      | Found a staircase to the Ecumenical Temple.
  3518 | D:5      | Entered Level 5 of the Dungeon
  3792 | D:5      | Noticed Blork the orc
  3806 | D:5      | Killed Blork the orc
  4054 | D:5      | Reached skill level 5 in Fighting
  4054 | D:5      | Reached XP level 8. HP: 68/68 MP: 10/10
  4077 | D:5      | Noticed Ijyb
  4082 | D:5      | Killed Ijyb
  4180 | D:5      | Noticed Dowan
  4182 | D:5      | Noticed Duvessa
  4184 | D:5      | Killed Dowan
  4195 | D:5      | Killed Duvessa
  4659 | D:5      | Found a burning altar of Makhleb.
  5142 | D:6      | Reached skill level 5 in Armour
  5482 | D:6      | Reached skill level 5 in Invocations
  5482 | D:6      | Reached XP level 9. HP: 75/79 MP: 12/12
  5508 | D:6      | Found a shadowy altar of Dithmenos.
  5810 | D:7      | Noticed Pikel
  5823 | D:7      | Noticed Joseph
  5863 | D:7      | Killed Pikel
  5863 | D:7      | Reached skill level 5 in Shields
  5879 | D:7      | Killed Joseph
  6316 | D:7      | Found an ancient bone altar of Kikubaaqudgha.
  6703 | D:8      | Found a staircase to the Lair.
  6713 | D:8      | Found a shimmering altar of Xom.
  6713 | D:8      | Found a shimmering altar of Xom.
  6713 | D:8      | Found a shimmering altar of Xom.
  6748 | D:8      | Reached *** piety under Makhleb
  7046 | D:8      | Reached skill level 10 in Fighting
  7046 | D:8      | Reached XP level 10. HP: 93/93 MP: 14/14
  8025 | D:9      | Found Figomias's Gadget Boutique.
  8239 | D:10     | Entered Level 10 of the Dungeon
  8301 | D:10     | Noticed Sonja
  8470 | D:10     | Found a staircase to the Orcish Mines.
  8894 | D:10     | Reached **** piety under Makhleb
  9619 | D:11     | Reached XP level 11. HP: 99/99 MP: 17/17
  9916 | D:11     | Found a flagged portal.
  9934 | Bailey   | Entered a bailey
 10963 | D:11     | Paralysed by fainting for 6 turns
 11391 | D:12     | Reached skill level 10 in Armour
 11500 | D:12     | Noticed a deep elf mage
 11510 | D:12     | Killed a deep elf mage
 11510 | D:12     | Reached skill level 1 in Dodging
 11776 | D:12     | Noticed a cyclops
 11801 | D:12     | Killed a cyclops
 11801 | D:12     | Reached skill level 10 in Shields
 12149 | D:12     | Noticed a manticore
 12160 | D:12     | Killed a manticore
 12323 | D:12     | Reached skill level 10 in Invocations
 12593 | D:12     | Reached ***** piety under Makhleb
 12678 | D:10     | HP: 1/99 [Sonja/uncursed short sword of distortion (15)]
 12697 | D:10     | Slain by Sonja

Skill      XL: |  1  2  3  4  5  6  7  8  9 10 11 |
---------------+----------------------------------+-----
Axes           | 3 4 6 8 9 10 | 10.0
Invocations    | 1 3 5 6 8 10 | 10.0
Fighting       | 5 7 10 | 10.0
Armour         | 5 6 9 10 | 10.0
Shields        | 4 5 8 10 | 10.6
Dodging        | 2 |  2.4

Action                   |  1- 3 |  4- 6 |  7- 9 | 10-12 || total
-------------------------+-------+-------+-------+-------++-------
Melee: War axe           |   118 |   191 |   402 |   531 ||  1242
Throw: Tomahawk          |       |       |       |     5 ||     5
Invok: Lesser Servant of |       |       |       |     5 ||     5
  Use: Potion            |       |     2 |     2 |     5 ||     9
       Scroll            |       |       |    16 |    10 ||    26
  Eat: Chunk             |     1 |     5 |    14 |    21 ||    41
       Royal jelly       |       |       |     1 |     3 ||     4
       Fruit             |       |       |     1 |       ||     1
       Bread ration      |       |       |       |     1 ||     1
Armor: Scale mail        |    75 |    83 |    43 |       ||   201
       Plate armour      |       |       |   125 |   298 ||   423
       Skin              |       |       |     8 |     1 ||     9
Dodge: Dodged            |    49 |    49 |    70 |   134 ||   302
Block: Shield            |    60 |    95 |   173 |   367 ||   695
